 Dungeon Crawl Stone Soup version 0.30.0-29-ga12c61a403 (webtiles) character file.

Game seed: 657614774207161013

150 Chilbo the Twirler (level 5, 38/38 HPs)
             Began as a Human Gladiator on June 13, 2023.
             Got out of the dungeon alive.
             The game lasted 00:10:51 (2448 turns).

Chilbo the Twirler (Human Gladiator)                Turns: 2448, Time: 00:10:52

Health: 38/38      AC:  8    Str: 16    XL:     5   Next: 58%
Magic:  5/5        EV: 12    Int:  9    God:
Gold:   185        SH:  0    Dex: 14    Spells: 4/4 levels left

rFire   . . .        u - +6 rapier of Subjectivity {flame, rElec}
rCold   . . .        (no shield)
rNeg    . . .        h - +0 leather armour
rPois   .            c - +0 helmet
rElec   +            o - +2 cloak
rCorr   .            (no gloves)
SInv    .            m - +0 pair of boots
Will    .....        (no amulet)
Stlth   +            (no ring)
HPRegen 0.26/turn    (no ring)
MPRegen 0.09/turn

%: no passive effects
@: no status effects
A: no striking features
a: no special abilities


You escaped.
You visited 1 branch of the dungeon, and saw 4 of its levels.

You collected 185 gold pieces.

Inventory:

Hand Weapons
 a - a +0 quarterstaff
 b - a +0 sling
 u - the +6 rapier of Subjectivity (weapon) {flame, rElec}
   (You found it on level 3 of the Dungeon)

   rElec:     It insulates you from electricity.
Missiles
 d - 3 throwing nets (quivered)
 e - a javelin
 t - 4 poisoned darts
Armour
 c - a +0 helmet (worn)
 h - a +0 leather armour (worn)
 m - a +0 pair of boots (worn)
 o - a +2 cloak (worn)
Scrolls
 g - a scroll of noise
 k - 4 scrolls of teleportation
 n - a scroll of fog {unknown}
 p - 2 scrolls of immolation {unknown}
 s - 3 scrolls of identify {unknown}
 v - a scroll of enchant armour {unknown}
Potions
 f - 2 potions of lignification {unknown}
 i - a potion of magic {unknown}
 j - 4 potions of curing {unknown}
 l - a potion of attraction {unknown}
 q - a potion of cancellation {unknown}
 r - a potion of resistance {unknown}


   Skills:
 - Level 2.0 Fighting
 + Level 4.6 Staves
 - Level 4.0 Throwing
 - Level 3.0 Dodging


You had 4 spell levels left.
You didn't know any spells.
Your spell library contained the following spells:

 Spells                   Type           Power      Damage    Failure   Level
 Ensorcelled Hibernation  Hex/Ice        0%         N/A       58%         2
 Spider Form              Tmut/Pois      0%         N/A       83%         3
 Anguish                  Hex/Necr       0%         N/A       99%         4


Dungeon Overview and Level Annotations

Branches:
Dungeon (4/15)
 Temple: D:4-7

Altars:
Trog


Message History

The iguana is almost dead.
The iguana bites you but does no damage.
You hit the iguana.
The iguana is almost dead.
The iguana misses you.
You hit the iguana.
The iguana is almost dead.
The iguana completely misses you.
You hit the iguana.
You kill the iguana!
Your Throwing skill increases to level 4!
There is a stone staircase leading up here.
You climb upwards.
There is a stone staircase leading down here.
There is a bloodstained altar of Trog here.
There is a stone staircase leading up here.
You climb upwards.
There is a stone staircase leading down here.
Search for what [? for help]? rapier You climb downwards.
There is a stone staircase leading up here.
The +6 rapier of Subjectivity {flame, rElec} bursts into flame!
u - the +6 rapier of Subjectivity (weapon)
{flame, rElec}
(D) Dungeon
Where to? (Enter - D:3 @ (x,y), ? - help)
There is a stone staircase leading up here.
(D) Dungeon
Where to? (Enter - D:3 @ (x,y), ? - help)
What level of the Dungeon? (default 1, ? - help)
You climb upwards.
There is a stone staircase leading down here.
There is a stone staircase leading up here.
You climb upwards.
There is a stone staircase leading down here.
You open the door.
There is an open door here.
There is an open door here.
There is a staircase leading out of the dungeon here.
Are you sure you want to leave the Dungeon?
This will make you lose the game!
You have escaped!

.## ##.....>.## ###.###.# #.#.##
..####.........###....##.###.#.##
.....+............[..............
..####.#.#####.#####.#.......#...
..# #.#.#...#.#...#.#.#.########
..####.###.###.###.###.#.# #
..........>#.....#>....#.# #
.####..###.###.###.###...# # ##
##.#.#...#.#@..#.#.### ### #
#.#.#####.#####.#.# #..
#.#......>......#.# #.#
#.###.#######.###.# #.#
#...#.#.....#.#...# #.#
####.###.###.###.###.# #.#
###....#..>[.#.#..>..#.# #..
.......#.###.#.#.###.#.# ###
###....#.#.#.#.#.#.#.#.#


There were no monsters in sight!

Vanquished Creatures
  Jessica (D:2)
  An iguana (D:4)
  3 adders
  A worm (D:2)
  2 dart slugs
  6 endoplasms
  3 giant cockroaches
  4 goblins
  4 hobgoblins
  8 jackals
  5 kobolds
  3 quokkas
  3 ball pythons
  7 bats
  5 frilled lizards
  5 rats
61 creatures vanquished.

Notes
Turn   | Place    | Note
-------+----------+-------------------------------------------
     0 | D:1      | Chilbo the Human Gladiator began the quest for the Orb.
     0 | D:1      | Reached XP level 1. HP: 16/16 MP: 1/1
   212 | D:1      | Reached XP level 2. HP: 20/22 MP: 2/2
   584 | D:1      | Reached XP level 3. HP: 26/27 MP: 3/3
   985 | D:2      | Noticed Jessica
  1035 | D:2      | Found a faded altar of an unknown god.
  1226 | D:2      | Reached XP level 4. HP: 25/33 MP: 4/4
  1529 | D:2      | Killed Jessica
  1968 | D:3      | Found a bloodstained altar of Trog.
  2029 | D:3      | Reached XP level 5. HP: 38/38 MP: 5/5
  2124 | D:3      | Identified the +6 rapier of Subjectivity {flame, rElec}
  2217 | D:4      | Noticed a phantom
  2448 | D:$      | Got out of the dungeon alive.

Illustrated notes

Levels and vault maps discovered:
D:1:      evilmike_arrival_hilbert_curve, layout_loops_corners
D:2:      layout_loops_ring, shapermc_ecumenical_altar_mp_highgroup,
          minmay_distorted, uniq_jessica
D:3:      layout_basic, mainiacjoe_overflow_paths, amethyst_killhole,
          minmay_misc_feat_doors
D:4:      wad_crossroads, layout_cave_pools, lightli_temple_of_fire

Skill      XL: |  1  2  3  4  5 |
---------------+----------------+-----
Throwing       | 3 4 |  4.0
Staves         | 4 |  4.6
Fighting       | |  2.0
Dodging        | |  3.0

Action                     |  1- 3 |  4- 6 || total
---------------------------+-------+-------++-------
  Melee: Quarterstaff      |   111 |    80 ||   191
    Use: Scroll            |       |     2 ||     2
   Stab: Sleeping          |       |     1 ||     1
 Armour: Leather armour    |    35 |    34 ||    69
  Dodge: Dodged            |    71 |    41 ||   112
